 Dungeon Crawl Stone Soup version 0.24-a0-169-g71aafec (webtiles) character file.

Game seed: 9636276769126008535

50890 XanderDroid the Severer (level 14, 0/129 HPs)
             Began as a Minotaur Berserker on Mar 6, 2019.
             Was the Champion of Trog.
             Slain by a dream sheep (5 damage)
             ... on level 5 of the Lair of Beasts on Mar 7, 2019.
             The game lasted 00:56:09 (20279 turns).

XanderDroid the Severer (Minotaur Berserker)       Turns: 20279, Time: 00:56:09

Health: 0/129      AC: 21    Str: 27    XL:     14   Next: 21%
Magic:  13/13      EV: 14    Int:  4    God:    Trog [******]
Gold:   622        SH:  0    Dex: 14    Spells: 13/13 levels left

rFire    . . .     SeeInvis .   a - +9 executioner's axe (elec)
rCold    . . .     Gourm    .   (shield currently unavailable)
rNeg     + . .     Faith    .   E - +0 plate armour
rPois    .         Spirit   .   y - +2 hat
rElec    .         Reflect  .   C - +0 cloak
rCorr    +         Harm     .   (no gloves)
MR       +....                  D - +0 pair of boots
Stlth    ..........             (no amulet)
HPRegen  0.31/turn              n - ring of resist corrosion
MPRegen  0.13/turn              z - ring of Aromiv {rN+ Str+4 Stlth+}

@: lethally poisoned (0 -> -2)
A: retaliatory headbutt, horns 2
a: Berserk, Trog's Hand, Brothers in Arms, Renounce Religion


You were on level 5 of the Lair of Beasts.
You worshipped Trog.
Trog was exalted by your worship.
You were not hungry.

You visited 3 branches of the dungeon, and saw 18 of its levels.
You visited the Abyss 1 time.
You also visited: Ice Cave.

You collected 1148 gold pieces.
You spent 526 gold pieces at shops.

Inventory:

Hand Weapons
 a - a +9 executioner's axe of electrocution (weapon)
 b - a +0 scimitar of flaming
 d - a +2 antimagic executioner's axe
Armour
 y - a +2 hat (worn)
 C - a +0 cloak (worn)
 D - a +0 pair of boots (worn)
 E - a +0 plate armour (worn)
Jewellery
 n - a ring of resist corrosion (left hand)
 z - the ring of Aromiv (right hand) {rN+ Str+4 Stlth+}
   (You found it on level 1 of the Abyss)

   [ring of stealth]

   It affects your strength (+4).
   It protects you from negative energy.
   It makes you more stealthy.
Wands
 h - a wand of flame (14)
 v - a wand of iceblast (16)
 G - a wand of disintegration (3)
Scrolls
 g - 7 scrolls of identify
 i - 3 scrolls of magic mapping
 j - 6 scrolls of remove curse
 k - 3 scrolls of teleportation
 l - 2 scrolls of blinking
 m - 4 scrolls of immolation
 t - 3 scrolls of enchant armour
 u - 2 scrolls of enchant weapon
 A - a scroll of vulnerability {unknown}
Potions
 e - a potion of cancellation {unknown}
 f - 4 potions of haste
 p - 3 potions of invisibility
 q - 2 potions of heal wounds
 r - 4 potions of lignification
 s - 2 potions of curing
 w - a potion of ambrosia {unknown}
 x - 4 potions of flight
 F - a potion of mutation {unknown}
Miscellaneous
 o - a phantom mirror
Comestibles
 c - 31 rations
 B - 7 chunks of flesh


   Skills:
 + Level 13.6 Fighting
 * Level 18.0 Axes
 + Level 13.3 Armour
 + Level 12.3 Dodging


You had 13 spell levels left.
You didn't know any spells.
Your spell library was empty.

Dungeon Overview and Level Annotations

Branches:
Dungeon (11/15)            Temple (1/1) D:5            Lair (6/6) D:10
  Swamp (0/4) Lair:2        Snake (0/4) Lair:2        Slime (0/5) Lair:5
    Orc: D:9-12

Altars:
Ashenzari
Cheibriados
Dithmenos
Elyvilon
Fedhas
Gozag
Hepliaklqana
Kikubaaqudgha
Makhleb
Nemelex Xobeh
Okawaru
Qazlal
Ru
Sif Muna
Trog
Uskayaw
Vehumet
Wu Jian
Xom
Yredelemnul
Zin
The Shining One
Jiyva

Shops:
D:7 ?   D:8 }

Annotations:
D:10 1 runed translucent door, Nr616's ghost, journeyman TrHu
Lair:6 1 transporter, Inarius's ghost, journeyman DsAE


Innate Abilities, Weirdness & Mutations

You reflexively headbutt those who attack you in melee.
You have a pair of horns on your head.


Message History

You headbutt the water moccasin!
Your plate armour prevents you from hitting the dream sheep.
The dream sheep is moderately wounded.
You barely miss the komodo dragon. You slash the water moccasin!
Lightning courses through the water moccasin!
You kill the water moccasin!
Trog accepts your kill.
You feel sick.
The dream sheep bites you but does no damage.
The komodo dragon bites you!
* * * LOW HITPOINT WARNING * * *
You closely miss the dream sheep.
The dream sheep is moderately wounded.
Your plate armour prevents you from hitting the komodo dragon.
You feel sick.
The dream sheep bites you but does no damage.
The komodo dragon bites you!
* * * LOW HITPOINT WARNING * * *
The dream sheep bites you.
You die...

###...#♣.....♣..>..♣.....♣#.....#
#.#.......................'..<...
##.....#....###....##...##.......
........#...###...###...#........
........##..)##...##...##........
.........#.....#.#.....#.........
................♣.....#..........
...........##...÷l...............
.........#..###Y@†.##............
##.....##......###..+P.#.........
#...........#.....#...#..#.....#
##.................#.............
#............#.....#......#......
##....<.....#...........>........
#......P#..........#.......#.....
........#...P.....#..#.#.###....#
........#.##.P.......#+..#.#.....


You could see a komodo dragon and a dream sheep.

Vanquished Creatures
  Gastronok (Lair:3)
  Kirke (Lair:4)
  A merfolk avatar (Lair:6)
  4 hydras
  A catoblepas (Lair:5)
  A two-headed ogre (D:10)
  6 death yaks (Lair:5)
  A sea snake (Lair:5)
  An unseen horror (D:11)
  A cyclops (D:11)
  11 elephants
  A gargoyle (D:11)
  Maurice (D:9)
  2 centaur zombies (D:10)
  A black mamba (Lair:4)
  9 rime drakes
  A torpor snail (Lair:3)
  14 spiny frogs
  7 komodo dragons
  An ice devil (IceCv)
  An efreet (D:10)
  2 polar bears
  3 trolls
  3 meliai (Lair:4)
  2 blink frogs (Lair:1)
  Prince Ribbit (Lair:1)
  A queen bee (Lair:4)
  3 hornets (Lair:6)
  9 hippogriffs
  11 dream sheep
  A spriggan (D:11)
  30 yaks
  4 wyverns
  3 hogs (Lair:4)
  Grum (D:9)
  2 hungry ghosts
  A basilisk (Lair:2)
  Edmund (D:6)
  4 vampire mosquitoes (Lair:2)
  3 nagas (Lair:2)
  A soldier ant (D:10)
  13 water moccasins
  5 porcupines
  2 sky beasts
  2 black bears
  3 orc warriors
  4 ice beasts
  6 ogres
  3 centaurs
  A small abomination (Abyss:1)
  15 wolves
  12 crocodiles
  Blork the orc (D:4)
  12 bullfrogs
  2 gnoll sergeants
  3 scorpions
  26 killer bees
  5 wights (D:8)
  A howler monkey (D:10)
  2 electric eels
  5 crimson imps
  5 orc priests
  4 jellies
  8 hounds
  Crazy Yiuf (D:7)
  2 centaur skeletons
  A bullfrog skeleton (D:6)
  5 orc wizards
  3 iguanas
  6 worker ants
  2 hound zombies
  2 hound skeletons
  3 worker ant zombies
  9 gnolls
  16 adders
  A howler monkey skeleton (D:4)
  3 shadow imps
  12 white imps (Lair:2)
  2 adder zombies
  An adder skeleton (D:5)
  A worm (D:3)
  5 dart slugs
  8 leopard geckos
  25 orcs
  9 bats
  6 giant cockroaches
  4 goblins
  9 hobgoblins
  5 jackals
  3 quokkas
  3 ball pythons
  9 frilled lizards
  2 giant cockroach zombies
  A jackal skeleton (D:8)
  9 kobolds
  A leopard gecko skeleton (D:4)
  A quokka zombie (D:5)
  14 rats
  4 fungi
  4 plants
485 creatures vanquished.

Vanquished Creatures (others)
  6 bushes
  5 fungi
  24 plants
35 creatures vanquished.

Grand Total: 520 creatures vanquished

Notes
Turn   | Place    | Note
-------+----------+-------------------------------------------
     0 | D:1      | XanderDroid the Minotaur Berserker began the quest for the
                  | Orb.
     0 | D:1      | Reached XP level 1. HP: 19/19 MP: 0/0
    57 | D:1      | Found a hide-covered altar of Uskayaw.
    59 | D:1      | Found a shimmering altar of Xom.
    59 | D:1      | Found a glowing silver altar of Zin.
    61 | D:1      | Found an ornate altar of the Wu Jian Council.
    61 | D:1      | Found a sparkling altar of Nemelex Xobeh.
    61 | D:1      | Found a hazy altar of Hepliaklqana.
   212 | D:1      | Reached XP level 2. HP: 17/27 MP: 1/1
   329 | D:1      | Reached skill level 4 in Axes
   526 | D:1      | Reached ** piety under Trog
   669 | D:1      | Reached XP level 3. HP: 30/33 MP: 2/2
  1359 | D:2      | Found a glowing golden altar of the Shining One.
  1511 | D:3      | Reached XP level 4. HP: 40/40 MP: 3/3
  1738 | D:3      | Found a shimmering altar of Xom.
  1882 | D:3      | Reached *** piety under Trog
  1946 | D:3      | Reached skill level 5 in Axes
  2003 | D:3      | Found an opulent altar of Gozag.
  2425 | D:4      | Received a gift from Trog
  2425 | D:4      | Reached XP level 5. HP: 40/47 MP: 4/4
  2626 | D:4      | Noticed Blork the orc
  2634 | D:4      | Killed Blork the orc
  2761 | D:4      | Reached XP level 6. HP: 47/55 MP: 5/5
  2795 | D:4      | Reached skill level 5 in Fighting
  2795 | D:4      | Reached skill level 6 in Axes
  3200 | D:4      | Reached XP level 7. HP: 61/61 MP: 6/6
  3422 | D:5      | Entered Level 5 of the Dungeon
  3432 | D:5      | Found a shadowy altar of Dithmenos.
  3448 | D:5      | Found a bloodstained altar of Trog.
  3478 | D:5      | Found a shimmering altar of Xom.
  3555 | D:5      | Reached skill level 7 in Axes
  3603 | D:5      | Found a staircase to the Ecumenical Temple.
  3613 | D:5      | Found a glowing silver altar of Zin.
  3822 | D:5      | Reached skill level 5 in Armour
  4479 | Temple   | Entered the Ecumenical Temple
  4867 | D:6      | Got a shimmering ring mail
  4883 | D:6      | Identified the +2 ring mail "Vytsaeh" {*Drain rElec rPois
                  | Dex+6} (You found it on level 6 of the Dungeon)
  4909 | D:6      | Noticed Edmund
  4918 | D:6      | Killed Edmund
  4918 | D:6      | Reached skill level 8 in Axes
  4918 | D:6      | Reached XP level 8. HP: 58/70 MP: 7/7
  4934 | D:6      | Reached skill level 5 in Dodging
  4979 | D:6      | Reached **** piety under Trog
  5228 | D:6      | Reached skill level 9 in Axes
  5918 | D:6      | Cast into level 1 of the Abyss (gnoll sergeant)
  5918 | Abyss:1  | Found a corrupted altar of Lugonu.
  5939 | Abyss:1  | Got a warped bone ring
  5941 | Abyss:1  | Identified the ring of Aromiv {rN+ Str+4 Stlth+} (You found
                  | it on level 1 of the Abyss)
  6032 | D:6      | Escaped the Abyss
  6450 | D:7      | Reached XP level 9. HP: 79/79 MP: 8/8
  6501 | D:7      | Found a snail-covered altar of Cheibriados.
  6672 | D:7      | Found an ornate altar of the Wu Jian Council.
  6716 | D:7      | Reached skill level 10 in Axes
  6750 | D:7      | Found a runed translucent door.
  6751 | D:7      | Noticed Crazy Yiuf
  6756 | D:7      | Killed Crazy Yiuf
  7030 | D:7      | Found a stormy altar of Qazlal.
  7110 | D:7      | Found an iron altar of Okawaru.
  7150 | D:7      | Found Ziluam's Magic Scroll Shoppe.
  7156 | D:7      | Bought a scroll of identify for 24 gold pieces
  7156 | D:7      | Bought a scroll of enchant weapon for 90 gold pieces
  7156 | D:7      | Bought a scroll of teleportation for 36 gold pieces
  7156 | D:7      | Bought a scroll of immolation for 42 gold pieces
  7837 | D:8      | Found Luzogodi's Gadget Emporium.
  8010 | D:9      | Noticed Maurice
  8244 | D:9      | Killed Maurice
  8244 | D:9      | Reached skill level 11 in Axes
  8358 | D:9      | Noticed Grum
  8364 | D:9      | Reached ***** piety under Trog
  8367 | D:9      | Killed Grum
  8367 | D:9      | Reached XP level 10. HP: 32/90 MP: 9/9
  8871 | D:9      | Found an ancient bone altar of Kikubaaqudgha.
  8903 | D:10     | Entered Level 10 of the Dungeon
  8922 | D:10     | Found a runed translucent door.
  9344 | D:10     | Reached skill level 12 in Axes
  9346 | D:10     | Found a staircase to the Lair.
  9357 | D:10     | Noticed a two-headed ogre
  9365 | D:10     | Killed a two-headed ogre
 10123 | D:10     | Noticed Nr616's ghost (journeyman TrHu)
 10167 | D:10     | Reached XP level 11. HP: 51/99 MP: 10/10
 10354 | D:11     | Reached skill level 13 in Axes
 10447 | D:11     | Reached skill level 10 in Fighting
 10970 | D:11     | Killed an unseen horror
 11211 | D:11     | Reached skill level 10 in Armour
 11951 | D:7      | Bought a scroll of fog for 24 gold pieces
 11962 | D:7      | Bought a scroll of noise for 12 gold pieces
 11973 | D:7      | Bought a scroll of random uselessness for 12 gold pieces
 12013 | D:8      | Bought a wand of flame (22) for 156 gold pieces
 12013 | D:8      | Bought a wand of iceblast (6) for 130 gold pieces
 12060 | Lair:1   | Entered Level 1 of the Lair of Beasts
 12322 | Lair:1   | Noticed Prince Ribbit
 12337 | Lair:1   | Killed Prince Ribbit
 12337 | Lair:1   | Received a gift from Trog
 12337 | Lair:1   | Reached skill level 14 in Axes
 13008 | Lair:2   | Found a frozen archway.
 13162 | IceCv    | Entered an ice cave
 13539 | Lair:2   | Found a staircase to the Snake Pit.
 13604 | Lair:2   | Noticed a six-headed hydra
 13611 | Lair:2   | Killed a four-headed hydra
 13611 | Lair:2   | Reached XP level 12. HP: 19/110 MP: 3/11
 13915 | Lair:2   | Found a staircase to the Swamp.
 14157 | Lair:2   | Reached skill level 10 in Dodging
 14471 | Lair:3   | Noticed Gastronok
 14484 | Lair:3   | Killed Gastronok
 14484 | Lair:3   | Reached skill level 15 in Axes
 15445 | Lair:4   | Reached skill level 16 in Axes
 16056 | Lair:4   | Reached XP level 13. HP: 51/118 MP: 4/12
 16223 | Lair:4   | Upgraded the game from 0.24-a0-164-g56e1b8f to
                  | 0.24-a0-169-g71aafec
 16233 | Lair:4   | Noticed Kirke
 16261 | Lair:4   | Killed Kirke
 16894 | Lair:5   | Received a gift from Trog
 17010 | Lair:5   | Found a viscous altar of Jiyva.
 17011 | Lair:5   | Found a staircase to the Slime Pits.
 17681 | Lair:6   | Entered Level 6 of the Lair of Beasts
 17681 | Lair:6   | Found a transporter.
 17896 | Lair:5   | Reached skill level 17 in Axes
 18580 | Lair:6   | Noticed a dire elephant
 18585 | Lair:6   | Identified the +3 trident of Equilibrium {flame, *Drain
                  | rPois SInv Stlth+}
 18586 | Lair:6   | Noticed Inarius's ghost (journeyman DsAE)
 18586 | Lair:6   | Identified the +3 rapier of Patterns {freeze, +Fly rElec
                  | MR+ MP+9}
 18957 | Lair:5   | Reached ****** piety under Trog
 18960 | Lair:5   | Received a gift from Trog
 19253 | Lair:5   | Reached XP level 14. HP: 118/129 MP: 13/13
 19381 | Lair:6   | Identified the +6 spear "Zaeta" {antimagic, Str+3 Int+3
                  | Dex+3}
 20271 | Lair:6   | Reached skill level 18 in Axes
 20279 | Lair:5   | HP: 5/129 [komodo dragon (12)]
 20279 | Lair:5   | Slain by a dream sheep

Levels and vault maps discovered:
D:1:      dpeg_arrival_court, layout_loops_ring, minmay_misc_feat_roman,
          doesnt_xom_only_xom
D:2:      layout_rooms, old_standard_altar
D:3:      layout_basic, marbit_many_paths, lemuel_statue_altar
D:4:      layout_loops_ring, first_ration, uniq_blork_the_orc
D:5:      layout_rooms, grunt_temple_overflow_open, zin_academy,
          minmay_temple_entry_trees, hangedman_decor_riveting
D:6:      minmay_chambers_of_threes, layout_rooms, uniq_edmund
D:7:      layout_basic, nicolae_overflow_crystal_walls,
          nicolae_overflow_hidden_temple, lemuel_round_altar, serial_shops,
          nicolae_shop_trees, nicolae_qazlal_style_of_elements,
          uniq_crazy_yiuf_cottage
D:8:      layout_rooms, serial_shops,
          nicolae_shop_temple_entry_statues_fountains
D:9:      layout_roguey, kennysheep_little_box, uniq_grum, uniq_maurice
D:10:     layout_loops_corners, erik_lair_island, ebering_ghost_reflecting_pool
D:11:     layout_basic, grunt_pizzeria
Temple:   minmay_temple_forest_path
Lair:1:   layout_chaotic_city, chequers_serial_rivers_large_b,
          serial_bayou_shore_a, uniq_prince_ribbit2
Lair:2:   layout_small_grid, minmay_swamp_entry_swarm,
          minmay_snake_entry_guardpost_small, portal_ice_cave_entry_imps
Lair:3:   layout_chaotic_city, grunt_forest_small_clearings,
          columned_hall_lemuel, chequers_serial_rivers_small_3, uniq_gastronok
Lair:4:   layout_roguey [special_room_bee], serial_forest,
          infiniplex_forest_zigzag_2, infiniplex_forest_clump_small,
          infiniplex_forest_clump_curved, infiniplex_forest_straight_3,
          infiniplex_forest_zigzag_1, infiniplex_forest_clump_small,
          infiniplex_forest_end_3, uniq_kirke
Lair:5:   layout_regular_city, slime_altar_1, grunt_megastairs_5
Lair:6:   gammafunk_lair_ancient_temple, layout_big_grid,
          gammafunk_ghost_wrathful_warriors, minivault_23, lookout_lair_type,
          minmay_lair_drake_nest
Abyss:1
IceCv:    ice_cave_tombish

Skill      XL: |  1  2  3  4  5  6  7  8  9 10 11 12 13 14 |
---------------+-------------------------------------------+-----
Axes           | 4 5 6 8 9 11 12 14 16 17 18 | 18.0
Fighting       | 4 5 6 7 8 9 11 12 13 | 13.6
Armour         | 3 4 5 6 8 9 10 12 13 | 13.3
Dodging        | 3 4 6 7 8 9 11 12 | 12.3

Action                   |  1- 3 |  4- 6 |  7- 9 | 10-12 | 13-15 || total
-------------------------+-------+-------+-------+-------+-------++-------
Melee: Hand axe          |    97 |   118 |   279 |       |       ||   494
       Headbutt          |    11 |    23 |    82 |    98 |    47 ||   261
       Battleaxe         |       |       |    40 |   425 |    56 ||   521
       Scimitar          |       |       |       |     6 |    17 ||    23
       Executioner's axe |       |       |       |       |   117 ||   117
Invok: Berserk           |       |       |     3 |     2 |       ||     5
Evoke: Wand              |       |       |     3 |       |    11 ||    14
  Use: Scroll            |       |     6 |     8 |     7 |    11 ||    32
       Potion            |       |       |       |       |     6 ||     6
 Stab: Sleeping          |       |       |     2 |       |       ||     2
  Eat: Chunk             |     2 |     5 |    13 |    27 |    15 ||    62
       Ration            |       |       |     2 |       |       ||     2
Armor: Animal skin       |    11 |       |       |       |       ||    11
       Ring mail         |    11 |    32 |    58 |       |       ||   101
       Chain mail        |       |       |    11 |       |       ||    11
       Scale mail        |       |       |    15 |    67 |       ||    82
       Plate armour      |       |       |       |   222 |   269 ||   491
Dodge: Dodged            |    83 |    77 |   205 |   354 |   312 ||  1031
       Rpst.: Scimitar   |       |       |       |     1 |     7 ||     8

Table legend:
 A = Non-vault XP
 B = Vault XP
 C = Vault XP percentage of total XP
 D = Non-vault monster count
 E = Vault monster count
 F = Vault count percentage of total count
                 A         B        C        D         E       F
            +---------+---------+-------+---------+---------+-------
      Total |   52234 |   20466 |  28.2 |     370 |     107 |  22.4
            +---------+---------+-------+---------+---------+-------
        D:1 |      42 |       0 |   0.0 |      29 |       0 |   0.0
        D:2 |      40 |       0 |   0.0 |      14 |       0 |   0.0
        D:3 |     102 |       1 |   1.0 |      29 |       1 |   3.3
        D:4 |     465 |     100 |  17.7 |      18 |       1 |   5.3
        D:5 |     501 |       0 |   0.0 |      25 |       0 |   0.0
        D:6 |     467 |     746 |  61.5 |      18 |      12 |  40.0
        D:7 |     797 |      40 |   4.8 |      18 |       1 |   5.3
        D:8 |     948 |       0 |   0.0 |      22 |       0 |   0.0
        D:9 |     206 |     879 |  81.0 |       4 |       4 |  50.0
       D:10 |    4725 |    1036 |  18.0 |      26 |       9 |  25.7
       D:11 |    4072 |     220 |   5.1 |      34 |       1 |   2.9
     Lair:1 |    1749 |     825 |  32.1 |      10 |       3 |  23.1
     Lair:2 |    3144 |    1288 |  29.1 |      11 |      19 |  63.3
     Lair:3 |    7088 |    2265 |  24.2 |      25 |       1 |   3.8
     Lair:4 |    3718 |    5396 |  59.2 |      15 |      31 |  67.4
     Lair:5 |   18042 |    2838 |  13.6 |      55 |      10 |  15.4
     Lair:6 |    5827 |    4471 |  43.4 |      15 |      13 |  46.4
    Abyss:1 |     301 |       0 |   0.0 |       2 |       0 |   0.0
      IceCv |       0 |     361 | 100.0 |       0 |       1 | 100.0
            +---------+---------+-------+---------+---------+-------
